 Dungeon Crawl Stone Soup version 0.25.1-2-g60ff931df9 (webtiles) character file.

Game seed: 8871180820933527181

4 Martska the Ruffian (level 1, 0/18 HPs)
             Began as a Naga Transmuter on Oct 14, 2020.
             Slain by a hobgoblin (4 damage)
             ... on level 1 of the Dungeon.
             The game lasted 00:00:30 (479 turns).

Martska the Ruffian (Naga Transmuter)                Turns: 479, Time: 00:00:31

Health: 0/18       AC:  1    Str: 12    XL:     1   Next: 70%
Magic:  3/3        EV: 10    Int: 13    God:
Gold:   13         SH:  0    Dex: 11    Spells: 3/4 levels left

rFire    . . .     SeeInvis +   f - +0 club
rCold    . . .     Gourm    .   (no shield)
rNeg     + . .     Faith    .   b - +0 robe
rPois    +         Spirit   .   (no helmet)
rElec    .         Reflect  .   (no cloak)
rCorr    .         Harm     .   (no gloves)
MR       .....                  (no barding)
Stlth    +.........             (no amulet)
HPRegen  0.06/turn              e - ring of positive energy
MPRegen  0.08/turn              (no ring)

@: very slow
A: large, see invisible, deformed body, poison resistance, slowness 2, slow
metabolism 1, spit poison 1, AC +0
a: Spit Poison


You were on level 1 of the Dungeon.
You were not hungry.

You visited 1 branch of the dungeon, and saw 1 of its levels.

You collected 13 gold pieces.

Inventory:

Hand Weapons
 f - a +0 club (weapon)
Missiles
 a - 51 arrows
Armour
 b - a +0 robe (worn)
Jewellery
 e - a ring of positive energy (left hand)
Scrolls
 c - a scroll of random uselessness {unknown}
Comestibles
 d - 2 rations
 g - a chunk of flesh


   Skills:
 - Level 1.0 Fighting
 - Level 1.5 Dodging
 - Level 3.0 Unarmed Combat
 - Level 2.0 Spellcasting
 * Level 2.4 Transmutations


You had 3 spell levels left.
You knew the following spells:

 Your Spells              Type           Power        Failure   Level  Hunger
a - Beastly Appendage     Tmut           #.....       10%         1    ##.....

Your spell library contained the following spells:

 Spells                   Type           Power        Failure   Level  Hunger
 Sticks to Snakes         Tmut           #.......     14%         2    ###....
 Spider Form              Tmut/Pois      #.........   43%         3    ####...
 Ice Form                 Ice/Tmut       #.......     83%         4    #####..
 Blade Hands              Tmut           #.........   95%         5    ######.


Dungeon Overview and Level Annotations

Branches:
Dungeon (1/15)

Altars:


Innate Abilities, Weirdness & Mutations

You cannot wear boots.
Your serpentine skin is tough. (AC +0)
You have supernaturally acute eyesight. (SInv)
Armour fits poorly on your strangely shaped body.
Your system is resistant to poisons. (rPois)
You cover ground very slowly.
You have a slow metabolism.
You can spit poison.


Message History

You hit the hobgoblin but do no damage. The hobgoblin barely misses you.
You hit the hobgoblin but do no damage.
The hobgoblin hits you with a cursed +0 club.
You are too injured to fight recklessly!
Press: ? - help, Shift-Dir - straight line, f - hobgoblin
Aim: a hobgoblin, wielding a +0 club The splash of poison hits the hobgoblin.
The hobgoblin is poisoned.
The hobgoblin is lightly wounded.
You feel slightly more hungry.
The hobgoblin hits you with a cursed +0 club.
* * * LOW HITPOINT WARNING * * *
You barely miss the hobgoblin.
The hobgoblin is heavily wounded.
You kill the hobgoblin!
You barely miss the hobgoblin. The hobgoblin barely misses you.
You closely miss the hobgoblin.
You have got your breath back.
The hobgoblin hits you.
You die...

#...................8#
#......#............##
#......###8###8###8##
####.### ### ############
#####.############........
..........................
###...############.#######
# #.### #########.### #
#..# ......g@....# # #..#
.########.#.# # #..# ..#.#
# #..# ### # ###..# .##..#
.....# ..#..# #.# .....#
..##


You could see a hobgoblin.

Vanquished Creatures
  A goblin (D:1)
  2 hobgoblins (D:1)
  A rat (D:1)
4 creatures vanquished.

Notes
Turn   | Place    | Note
-------+----------+-------------------------------------------
     0 | D:1      | Martska the Naga Transmuter began the quest for the Orb.
     0 | D:1      | Reached XP level 1. HP: 18/18 MP: 3/3
   479 | D:1      | Slain by a hobgoblin

Illustrated notes

Levels and vault maps discovered:
D:1:      moated_graveyard_arrival, layout_basic, serial_corexii_hall,
          corexii_hall_statues_l, corexii_hall_statues_x

Action                   || total
-------------------------++-------
Melee: Unarmed           ||    14
       Club              ||     7
 Abil: Spit Poison       ||     3
Armor: Robe              ||     1
Dodge: Dodged            ||     7
